[ AOE2 MATCH · #484305679 ]
UnrankedSpanish vs Franks
[ REPLAY ANALYSIS · EXTRACTED FROM THE RECORDED GAME ]
Feudal
16:59
Castle
20:54
Imperial
54:59
| APM avg | 39.4 |
| APM peak | 74 |
| eAPM avg | 26.0 |
| Villagers / military | 189 / 251 |
Focus
⚔️ 28.8% · 🌾 71.2%
Skirmisher ×116 · Conquistador ×103 · Scout Cavalry ×26 · Mangonel ×6
Feudal
14:17
Castle
18:12
Imperial
34:30
| APM avg | 31.1 |
| APM peak | 58 |
| eAPM avg | 22.9 |
| Villagers / military | 278 / 229 |
Focus
⚔️ 33.2% · 🌾 66.8%
Knight ×223 · Trebuchet (Packed) ×4 · Scout Cavalry ×2
Feudal
16:27
Castle
23:50
Imperial
29:56
| APM avg | 20.0 |
| APM peak | 76 |
| eAPM avg | 11.3 |
| Villagers / military | 125 / 200 |
Focus
⚔️ 24.0% · 🌾 76.0%
Knight ×197 · Trade Cart ×17 · Trebuchet (Packed) ×3
Feudal
15:34
Castle
19:08
Imperial
43:21
| APM avg | 17.5 |
| APM peak | 41 |
| eAPM avg | 10.6 |
| Villagers / military | 148 / 446 |
Focus
⚔️ 41.8% · 🌾 58.2%
Archer ×417 · Battering Ram ×25 · Spearman ×2 · Trebuchet (Packed) ×2
Feudal
12:25
Castle
19:52
Imperial
36:01
| APM avg | 24.8 |
| APM peak | 58 |
| eAPM avg | 12.4 |
| Villagers / military | 125 / 242 |
Focus
⚔️ 28.6% · 🌾 71.4%
Mangudai ×166 · Scout Cavalry ×50 · Battering Ram ×18 · Trebuchet (Packed) ×8
Feudal
13:38
Castle
18:34
Imperial
34:32
| APM avg | 23.8 |
| APM peak | 53 |
| eAPM avg | 12.8 |
| Villagers / military | 100 / 12 |
Focus
⚔️ 37.4% · 🌾 62.6%
Camel Archer ×11 · Monk ×1
Feudal
12:01
Castle
23:11
Imperial
50:00
| APM avg | 29.6 |
| APM peak | 64 |
| eAPM avg | 16.0 |
| Villagers / military | 130 / 198 |
Focus
⚔️ 36.1% · 🌾 63.9%
Scout Cavalry ×184 · Knight ×14
Feudal
16:19
Castle
20:14
Imperial
39:16
| APM avg | 27.4 |
| APM peak | 69 |
| eAPM avg | 13.1 |
| Villagers / military | 141 / 77 |
Focus
⚔️ 21.3% · 🌾 78.7%
Conquistador ×73 · Trebuchet (Packed) ×4
Match map
Initial resources + every placement click. Lines = walls · curves = elevation contours. ◆ gold · ⬟ stone · ● berries · ✦ relic · ◌ wall gap
Your base· Open — unwalled flank
Firestorm's base· Open — unwalled flank
666's base· Open — 6t gap
leung's base· Open — unwalled flank
xcfotrp131's base· Open — unwalled flank
Shyrine's base· Open — 4t gap
dyb023960's base· Open — unwalled flank
MISAMISA's base· Open — unwalled flank
Smoothed initial terrain · ◌ = detected wall gap · hover for details
Inputs per minute
— as8923221 - - Firestorm
Build order — as8923221
First 150 of 567 actions detected
| 1:02 | Build | Town Center |
| 1:26 | Build | Town Center |
| 3:36 | Create | Villager (Male) |
| 3:36 | Create | Villager (Male) |
| 3:37 | Create | Villager (Male) |
| 3:37 | Create | Villager (Male) |
| 3:37 | Create | Villager (Male) |
| 3:45 | Build | House |
| 3:47 | Build | House |
| 3:48 | Build | House |
| 4:35 | Build | House |
| 4:48 | Create | Villager (Male) |
| 4:48 | Create | Villager (Male) |
| 5:46 | Build | Mill |
| 5:51 | Create | Villager (Male) |
| 5:51 | Create | Villager (Male) |
| 6:27 | Build | Palisade Wall |
| 6:30 | Build | Palisade Wall |
| 6:32 | Build | Palisade Wall |
| 6:33 | Build | Palisade Wall |
| 6:40 | Create | Villager (Male) |
| 6:40 | Create | Villager (Male) |
| 7:09 | Research | Loom |
| 7:11 | Create | Villager (Male) |
| 7:18 | Create | Villager (Male) |
| 7:18 | Create | Villager (Male) |
| 8:11 | Create | Villager (Male) |
| 8:11 | Create | Villager (Male) |
| 8:28 | Create | Villager (Male) |
| 8:28 | Create | Villager (Male) |
| 8:36 | Create | Villager (Male) |
| 8:37 | Create | Villager (Male) |
| 9:32 | Create | Villager (Male) |
| 10:00 | Create | Villager (Male) |
| 10:01 | Create | Villager (Male) |
| 10:01 | Create | Villager (Male) |
| 10:01 | Create | Villager (Male) |
| 10:20 | Create | Villager (Male) |
| 10:42 | Create | Villager (Male) |
| 10:46 | Build | House |
| 10:49 | Build | House |
| 10:55 | Create | Villager (Male) |
| 11:16 | Create | Villager (Male) |
| 11:22 | Build | Mill |
| 11:34 | Build | House |
| 11:40 | Create | Villager (Male) |
| 13:16 | Create | Villager (Male) |
| 14:06 | Build | Lumber Camp |
| 14:24 | Create | Villager (Male) |
| 14:25 | Research | Feudal Age |
| 15:30 | Create | Villager (Male) |
| 15:43 | Build | Mining Camp |
| 16:49 | Create | Villager (Male) |
| 16:59 | Age | Feudal Age |
| 17:01 | Build | Market |
| 17:03 | Build | Blacksmith |
| 17:12 | Create | Villager (Male) |
| 18:09 | Research | Castle Age |
| 18:09 | Research | Castle Age |
| 18:13 | Research | Double-Bit Axe |
| 18:14 | Research | Double-Bit Axe |
| 18:34 | Research | Horse Collar |
| 18:34 | Research | Horse Collar |
| 18:45 | Build | Mining Camp |
| 19:07 | Create | Villager (Male) |
| 19:17 | Build | Farm |
| 19:20 | Build | Farm |
| 19:24 | Build | Farm |
| 19:28 | Build | Farm |
| 19:30 | Create | Villager (Male) |
| 20:01 | Create | Villager (Male) |
| 20:54 | Age | Castle Age |
| 21:02 | Create | Villager (Male) |
| 21:07 | Build | Town Center |
| 21:12 | Create | Villager (Male) |
| 21:34 | Build | Castle |
| 21:37 | Build | Mining Camp |
| 22:14 | Create | Villager (Male) |
| 22:15 | Create | Villager (Male) |
| 22:38 | Research | Gold Mining |
| 22:42 | Create | Villager (Male) |
| 23:00 | Create | Villager (Male) |
| 23:01 | Create | Villager (Male) |
| 23:16 | Create | Villager (Male) |
| 23:16 | Create | Villager (Male) |
| 23:31 | Create | Conquistador |
| 23:32 | Create | Conquistador |
| 23:39 | Research | Stone Mining |
| 23:51 | Create | Conquistador |
| 24:01 | Build | Farm |
| 24:01 | Build | Farm |
| 24:01 | Build | Farm |
| 24:01 | Build | Farm |
| 24:02 | Build | Farm |
| 24:02 | Build | Farm |
| 24:12 | Create | Villager (Male) |
| 24:49 | Create | Villager (Male) |
| 24:50 | Create | Villager (Male) |
| 25:10 | Create | Villager (Male) |
| 25:11 | Create | Villager (Male) |
| 25:17 | Build | Farm |
| 25:18 | Build | Farm |
| 25:19 | Build | Farm |
| 25:25 | Build | Farm |
| 25:26 | Build | Farm |
| 25:28 | Build | Farm |
| 25:31 | Create | Villager (Male) |
| 25:31 | Create | Villager (Male) |
| 25:44 | Create | Conquistador |
| 26:13 | Build | Castle |
| 26:22 | Create | Conquistador |
| 26:36 | Build | Farm |
| 26:47 | Create | Villager (Male) |
| 26:53 | Build | Town Center |
| 27:02 | Create | Villager (Male) |
| 27:16 | Build | Farm |
| 27:39 | Create | Conquistador |
| 27:40 | Create | Villager (Male) |
| 27:40 | Create | Villager (Male) |
| 27:46 | Build | Farm |
| 27:46 | Build | Farm |
| 27:47 | Build | Farm |
| 27:48 | Build | Farm |
| 28:21 | Build | Farm |
| 28:25 | Create | Conquistador |
| 28:27 | Create | Villager (Male) |
| 28:27 | Create | Villager (Male) |
| 28:27 | Create | Villager (Male) |
| 28:27 | Create | Villager (Male) |
| 28:35 | Build | Farm |
| 28:35 | Build | Farm |
| 28:35 | Build | Farm |
| 28:35 | Build | Farm |
| 28:35 | Build | Farm |
| 28:36 | Build | Farm |
| 28:36 | Build | Farm |
| 28:40 | Build | Farm |
| 28:43 | Create | Villager (Male) |
| 28:44 | Create | Villager (Male) |
| 28:53 | Build | Farm |
| 29:07 | Create | Conquistador |
| 29:14 | Create | Villager (Male) |
| 29:22 | Create | Villager (Male) |
| 29:37 | Create | Villager (Male) |
| 29:45 | Build | Barracks |
| 29:49 | Create | Conquistador |
| 29:49 | Create | Conquistador |
| 29:49 | Create | Conquistador |
| 30:01 | Create | Conquistador |
| 30:03 | Create | Villager (Male) |
Build order — Firestorm
First 150 of 670 actions detected
| 0:09 | Build | Town Center |
| 1:43 | Build | Lumber Camp |
| 1:50 | Build | House |
| 2:26 | Build | House |
| 2:32 | Create | Villager (Male) |
| 2:33 | Create | Villager (Male) |
| 2:33 | Create | Villager (Male) |
| 2:33 | Create | Villager (Male) |
| 2:33 | Create | Villager (Male) |
| 2:33 | Create | Villager (Male) |
| 3:42 | Create | Villager (Male) |
| 3:42 | Create | Villager (Male) |
| 3:42 | Create | Villager (Male) |
| 4:07 | Create | Villager (Male) |
| 4:08 | Create | Villager (Male) |
| 4:08 | Create | Villager (Male) |
| 4:29 | Create | Villager (Male) |
| 4:29 | Create | Villager (Male) |
| 4:30 | Create | Villager (Male) |
| 4:56 | Create | Villager (Male) |
| 4:56 | Create | Villager (Male) |
| 4:56 | Create | Villager (Male) |
| 5:10 | Create | Villager (Male) |
| 5:10 | Create | Villager (Male) |
| 5:10 | Create | Villager (Male) |
| 5:35 | Build | Lumber Camp |
| 5:36 | Create | Villager (Male) |
| 5:36 | Create | Villager (Male) |
| 5:36 | Create | Villager (Male) |
| 5:45 | Create | Villager (Male) |
| 5:46 | Create | Villager (Male) |
| 6:04 | Create | Villager (Male) |
| 6:05 | Create | Villager (Male) |
| 6:05 | Create | Villager (Male) |
| 7:24 | Build | House |
| 7:27 | Research | Loom |
| 7:28 | Create | Villager (Male) |
| 7:28 | Create | Villager (Male) |
| 7:39 | Create | Villager (Male) |
| 7:39 | Create | Villager (Male) |
| 7:49 | Create | Villager (Male) |
| 7:49 | Create | Villager (Male) |
| 7:50 | Create | Villager (Male) |
| 9:16 | Build | House |
| 9:42 | Build | Mill |
| 10:23 | Create | Villager (Male) |
| 10:35 | Create | Villager (Male) |
| 10:47 | Build | House |
| 10:53 | Create | Villager (Male) |
| 11:22 | Build | Mining Camp |
| 11:25 | Create | Villager (Male) |
| 11:49 | Research | Feudal Age |
| 12:41 | Build | Mill |
| 12:47 | Build | Mill |
| 12:52 | Build | Barracks |
| 13:18 | Build | House |
| 13:54 | Create | Villager (Male) |
| 14:17 | Age | Feudal Age |
| 14:29 | Build | Market |
| 14:31 | Build | Blacksmith |
| 14:34 | Create | Villager (Male) |
| 14:52 | Create | Villager (Male) |
| 15:27 | Research | Castle Age |
| 15:32 | Build | Stable |
| 16:07 | Research | Double-Bit Axe |
| 17:51 | Create | Villager (Male) |
| 18:12 | Age | Castle Age |
| 18:17 | Build | Town Center |
| 18:24 | Build | Town Center |
| 18:28 | Research | Bow Saw |
| 18:30 | Create | Villager (Male) |
| 18:34 | Research | Wheelbarrow |
| 18:40 | Build | House |
| 18:47 | Create | Villager (Male) |
| 19:17 | Build | House |
| 19:40 | Build | House |
| 19:44 | Create | Villager (Male) |
| 19:49 | Create | Villager (Male) |
| 19:56 | Create | Villager (Male) |
| 20:00 | Build | Mining Camp |
| 20:01 | Create | Villager (Male) |
| 20:04 | Create | Villager (Male) |
| 20:04 | Create | Villager (Male) |
| 20:10 | Create | Villager (Male) |
| 20:13 | Create | Villager (Male) |
| 20:14 | Create | Villager (Male) |
| 20:19 | Build | House |
| 20:20 | Create | Villager (Male) |
| 20:29 | Create | Villager (Male) |
| 20:39 | Build | Mill |
| 20:40 | Create | Villager (Male) |
| 20:41 | Create | Villager (Male) |
| 20:45 | Create | Villager (Male) |
| 20:48 | Create | Villager (Male) |
| 20:48 | Create | Villager (Male) |
| 21:00 | Build | House |
| 21:03 | Create | Villager (Male) |
| 21:08 | Create | Villager (Male) |
| 21:21 | Create | Villager (Male) |
| 21:29 | Build | House |
| 21:31 | Create | Villager (Male) |
| 21:36 | Build | Farm |
| 21:36 | Build | Farm |
| 21:37 | Build | Farm |
| 21:37 | Build | Farm |
| 21:37 | Build | Farm |
| 21:37 | Build | Farm |
| 21:43 | Build | Farm |
| 21:43 | Build | Farm |
| 21:44 | Build | Farm |
| 21:44 | Build | Farm |
| 21:44 | Build | Farm |
| 21:44 | Build | Farm |
| 21:44 | Build | Farm |
| 21:45 | Build | Farm |
| 21:46 | Create | Villager (Male) |
| 21:47 | Create | Villager (Male) |
| 21:57 | Create | Villager (Male) |
| 22:01 | Build | House |
| 22:04 | Create | Villager (Male) |
| 22:14 | Create | Villager (Male) |
| 22:24 | Create | Villager (Male) |
| 22:33 | Build | House |
| 22:34 | Create | Villager (Male) |
| 23:03 | Research | Gold Mining |
| 23:04 | Research | Stone Mining |
| 23:05 | Create | Villager (Male) |
| 23:05 | Create | Villager (Male) |
| 23:08 | Build | House |
| 23:10 | Create | Villager (Male) |
| 23:10 | Create | Villager (Male) |
| 23:15 | Create | Villager (Male) |
| 23:18 | Build | Farm |
| 23:18 | Build | Farm |
| 23:18 | Build | Farm |
| 23:19 | Build | Farm |
| 23:19 | Build | Farm |
| 23:19 | Build | Farm |
| 23:19 | Build | Farm |
| 23:20 | Build | Farm |
| 23:21 | Create | Villager (Male) |
| 23:22 | Create | Villager (Male) |
| 23:26 | Build | Farm |
| 23:35 | Create | Villager (Male) |
| 23:54 | Build | House |
| 23:54 | Create | Villager (Male) |
| 23:54 | Create | Villager (Male) |
| 23:57 | Build | Farm |
| 23:59 | Build | Farm |
| 23:59 | Create | Villager (Male) |
Build order — 666
First 150 of 367 actions detected
| 1:11 | Build | Town Center |
| 1:34 | Build | House |
| 1:37 | Build | House |
| 2:48 | Build | Lumber Camp |
| 3:23 | Create | Villager (Male) |
| 3:23 | Create | Villager (Male) |
| 3:23 | Create | Villager (Male) |
| 3:24 | Create | Villager (Male) |
| 3:24 | Create | Villager (Male) |
| 3:36 | Research | Loom |
| 4:55 | Create | Villager (Male) |
| 5:37 | Create | Villager (Male) |
| 5:49 | Create | Villager (Male) |
| 5:50 | Create | Villager (Male) |
| 6:35 | Create | Villager (Male) |
| 6:36 | Create | Villager (Male) |
| 7:12 | Create | Villager (Male) |
| 7:13 | Create | Villager (Male) |
| 7:13 | Create | Villager (Male) |
| 7:13 | Create | Villager (Male) |
| 7:21 | Build | House |
| 7:22 | Build | House |
| 7:58 | Build | House |
| 8:09 | Create | Villager (Male) |
| 8:09 | Create | Villager (Male) |
| 8:09 | Create | Villager (Male) |
| 9:28 | Create | Villager (Male) |
| 9:28 | Create | Villager (Male) |
| 9:28 | Create | Villager (Male) |
| 9:46 | Build | Mill |
| 10:04 | Build | House |
| 10:05 | Build | House |
| 10:36 | Create | Villager (Male) |
| 10:41 | Build | Farm |
| 10:42 | Build | Farm |
| 10:44 | Build | Farm |
| 10:47 | Create | Villager (Male) |
| 11:11 | Build | Palisade Wall |
| 11:30 | Create | Villager (Male) |
| 11:36 | Build | Farm |
| 12:02 | Create | Villager (Male) |
| 12:23 | Build | Farm |
| 12:24 | Build | Farm |
| 12:34 | Create | Villager (Male) |
| 12:44 | Create | Villager (Male) |
| 12:58 | Build | Farm |
| 12:59 | Build | Farm |
| 13:00 | Build | Farm |
| 13:01 | Build | Farm |
| 13:02 | Build | Mill |
| 13:03 | Build | Farm |
| 13:04 | Build | Farm |
| 13:05 | Build | Farm |
| 13:06 | Build | Farm |
| 13:24 | Create | Villager (Male) |
| 13:51 | Create | Villager (Male) |
| 13:52 | Build | Barracks |
| 14:17 | Research | Feudal Age |
| 14:42 | Build | Mining Camp |
| 14:49 | Build | Palisade Wall |
| 15:51 | Create | Villager (Male) |
| 15:51 | Create | Villager (Male) |
| 15:52 | Create | Villager (Male) |
| 16:05 | Build | House |
| 16:06 | Build | House |
| 16:07 | Build | House |
| 16:08 | Build | House |
| 16:12 | Create | Villager (Male) |
| 16:13 | Create | Villager (Male) |
| 16:20 | Build | Lumber Camp |
| 16:27 | Age | Feudal Age |
| 17:32 | Research | Double-Bit Axe |
| 17:33 | Research | Horse Collar |
| 17:46 | Create | Villager (Male) |
| 18:37 | Build | Blacksmith |
| 18:39 | Create | Villager (Male) |
| 18:45 | Create | Villager (Male) |
| 19:20 | Create | Villager (Male) |
| 19:23 | Research | Stone Mining |
| 19:33 | Build | Market |
| 20:21 | Build | Stone Wall |
| 20:30 | Create | Villager (Male) |
| 20:32 | Research | Gold Mining |
| 20:41 | Build | House |
| 20:42 | Build | House |
| 20:44 | Build | House |
| 20:50 | Build | Stone Wall |
| 21:00 | Build | House |
| 21:01 | Build | House |
| 21:02 | Build | House |
| 21:10 | Research | Castle Age |
| 21:34 | Build | House |
| 21:40 | Build | House |
| 22:09 | Research | Wheelbarrow |
| 22:26 | Build | House |
| 22:47 | Build | House |
| 23:50 | Age | Castle Age |
| 23:57 | Build | Town Center |
| 24:01 | Create | Villager (Male) |
| 24:17 | Build | Castle |
| 24:48 | Create | Villager (Male) |
| 24:49 | Create | Villager (Male) |
| 24:49 | Create | Villager (Male) |
| 25:16 | Create | Villager (Male) |
| 25:17 | Create | Villager (Male) |
| 26:18 | Create | Villager (Male) |
| 26:18 | Create | Villager (Male) |
| 26:38 | Build | Farm |
| 26:39 | Build | Farm |
| 26:46 | Research | Imperial Age |
| 26:51 | Create | Villager (Male) |
| 26:51 | Create | Villager (Male) |
| 26:52 | Create | Villager (Male) |
| 26:52 | Create | Villager (Male) |
| 26:56 | Build | House |
| 27:00 | Build | House |
| 27:01 | Build | House |
| 27:02 | Build | House |
| 27:02 | Build | House |
| 27:04 | Build | House |
| 27:05 | Build | House |
| 27:11 | Build | Stable |
| 27:24 | Build | Farm |
| 27:25 | Build | Farm |
| 27:26 | Build | Farm |
| 27:27 | Build | Farm |
| 27:28 | Build | Farm |
| 27:29 | Build | Farm |
| 27:31 | Build | Farm |
| 27:32 | Build | Farm |
| 27:33 | Build | Mill |
| 27:38 | Build | Mining Camp |
| 27:46 | Create | Villager (Male) |
| 27:47 | Create | Villager (Male) |
| 27:48 | Create | Villager (Male) |
| 28:19 | Research | Bow Saw |
| 28:26 | Build | Stable |
| 28:38 | Research | Forging |
| 28:39 | Research | Scale Barding Armor |
| 28:47 | Create | Villager (Male) |
| 28:48 | Create | Villager (Male) |
| 29:20 | Build | Town Center |
| 29:26 | Research | Bloodlines |
| 29:29 | Research | Scale Barding Armor |
| 29:36 | Build | House |
| 29:37 | Build | House |
| 29:38 | Build | House |
| 29:38 | Build | House |
| 29:49 | Create | Knight |
| 29:49 | Create | Knight |
Build order — leung
First 150 of 338 actions detected
| 0:43 | Build | Town Center |
| 0:54 | Build | House |
| 0:57 | Build | Mill |
| 3:18 | Create | Villager (Male) |
| 3:18 | Create | Villager (Male) |
| 3:19 | Create | Villager (Male) |
| 3:38 | Create | Villager (Male) |
| 3:39 | Create | Villager (Male) |
| 4:27 | Create | Villager (Male) |
| 4:27 | Create | Villager (Male) |
| 5:40 | Research | Loom |
| 5:41 | Create | Villager (Male) |
| 5:48 | Build | House |
| 6:00 | Build | House |
| 6:13 | Create | Villager (Male) |
| 6:13 | Create | Villager (Male) |
| 6:45 | Build | Mill |
| 6:53 | Build | Mill |
| 6:59 | Create | Villager (Male) |
| 6:59 | Create | Villager (Male) |
| 7:16 | Build | Mill |
| 7:22 | Create | Villager (Male) |
| 7:43 | Build | House |
| 7:44 | Create | Villager (Male) |
| 8:33 | Create | Villager (Male) |
| 8:34 | Create | Villager (Male) |
| 8:34 | Create | Villager (Male) |
| 8:37 | Build | House |
| 8:44 | Build | House |
| 8:45 | Create | Villager (Male) |
| 8:46 | Create | Villager (Male) |
| 9:07 | Create | Villager (Male) |
| 9:18 | Create | Villager (Male) |
| 9:43 | Create | Villager (Male) |
| 10:08 | Create | Villager (Male) |
| 10:09 | Create | Villager (Male) |
| 10:29 | Create | Villager (Male) |
| 10:47 | Create | Villager (Male) |
| 12:02 | Build | Mill |
| 12:46 | Build | Mining Camp |
| 12:53 | Create | Villager (Male) |
| 13:24 | Research | Feudal Age |
| 13:58 | Build | Barracks |
| 14:44 | Create | Villager (Male) |
| 14:44 | Create | Villager (Male) |
| 15:34 | Age | Feudal Age |
| 15:37 | Build | Archery Range |
| 15:40 | Build | Blacksmith |
| 16:00 | Build | Mill |
| 16:16 | Build | House |
| 16:21 | Build | Palisade Gate |
| 16:26 | Build | House |
| 16:28 | Research | Castle Age |
| 16:47 | Build | Palisade Wall |
| 16:51 | Build | House |
| 17:38 | Build | Lumber Camp |
| 17:47 | Create | Archer |
| 17:47 | Create | Archer |
| 17:57 | Build | House |
| 18:05 | Build | Palisade Wall |
| 18:30 | Research | Double-Bit Axe |
| 19:01 | Research | Gold Mining |
| 19:05 | Create | Archer |
| 19:05 | Create | Archer |
| 19:08 | Age | Castle Age |
| 19:18 | Create | Villager (Male) |
| 19:18 | Create | Villager (Male) |
| 19:37 | Build | Palisade Wall |
| 19:40 | Build | Palisade Wall |
| 19:47 | Create | Archer |
| 19:48 | Create | Archer |
| 19:54 | Build | Town Center |
| 19:58 | Research | Bow Saw |
| 20:03 | Create | Villager (Male) |
| 20:03 | Create | Villager (Male) |
| 20:48 | Research | Wheelbarrow |
| 21:08 | Build | House |
| 21:09 | Build | House |
| 21:10 | Build | House |
| 21:11 | Build | House |
| 21:12 | Build | House |
| 21:14 | Build | House |
| 21:17 | Create | Villager (Male) |
| 21:36 | Create | Archer |
| 21:37 | Create | Archer |
| 21:52 | Build | Archery Range |
| 21:54 | Create | Villager (Male) ×2 |
| 22:29 | Create | Spearman |
| 22:29 | Create | Spearman |
| 22:48 | Create | Villager (Male) |
| 23:04 | Create | Archer |
| 23:04 | Create | Archer |
| 23:08 | Create | Villager (Male) |
| 23:35 | Create | Archer |
| 23:37 | Create | Villager (Male) ×2 |
| 24:06 | Create | Archer |
| 24:07 | Create | Archer |
| 24:22 | Research | Horse Collar |
| 24:25 | Create | Villager (Male) ×2 |
| 24:50 | Research | Heavy Plow |
| 25:23 | Create | Villager (Male) |
| 25:28 | Build | Farm |
| 25:29 | Build | Farm |
| 25:31 | Build | Farm |
| 25:32 | Build | Farm |
| 25:34 | Build | Farm |
| 25:40 | Build | Farm |
| 25:40 | Build | Farm |
| 25:41 | Build | Farm |
| 25:45 | Build | Town Center |
| 26:03 | Create | Villager (Male) |
| 26:21 | Create | Archer ×5 |
| 26:21 | Create | Archer ×5 |
| 26:24 | Create | Villager (Male) ×2 |
| 26:56 | Build | Archery Range |
| 27:04 | Build | Farm |
| 27:05 | Build | Farm |
| 27:06 | Build | Farm |
| 27:10 | Build | Farm |
| 27:13 | Build | Farm |
| 27:20 | Research | Crossbowman (upgrade) |
| 27:24 | Research | Fletching |
| 27:32 | Build | University |
| 27:48 | Build | Monastery |
| 28:09 | Create | Archer ×5 |
| 28:10 | Create | Villager (Male) ×5 |
| 28:19 | Build | Farm |
| 28:19 | Build | Farm |
| 28:20 | Build | Farm |
| 28:21 | Build | Farm |
| 28:30 | Research | Bodkin Arrow |
| 28:33 | Build | House |
| 28:35 | Build | House |
| 28:35 | Build | House |
| 29:07 | Research | Padded Archer Armor |
| 29:11 | Create | Archer ×2 |
| 29:11 | Create | Archer ×2 |
| 29:18 | Create | Villager (Male) ×4 |
| 30:05 | Build | House |
| 30:26 | Build | Town Center |
| 30:37 | Create | Archer ×5 |
| 30:37 | Create | Archer ×5 |
| 30:40 | Create | Villager (Male) ×5 |
| 30:57 | Build | Farm |
| 31:02 | Build | Lumber Camp |
| 31:11 | Build | Lumber Camp |
| 31:23 | Create | Villager (Male) ×5 |
| 32:00 | Create | Villager (Male) ×5 |
| 32:21 | Research | Ballistics |
| 33:16 | Create | Villager (Male) ×5 |
Build order — xcfotrp131
First 150 of 350 actions detected
| 0:20 | Build | Town Center |
| 1:44 | Build | House |
| 2:12 | Build | House |
| 2:33 | Create | Villager (Male) |
| 2:33 | Create | Villager (Male) |
| 2:34 | Create | Villager (Male) |
| 2:34 | Create | Villager (Male) |
| 2:34 | Create | Villager (Male) |
| 2:34 | Create | Villager (Male) |
| 3:03 | Build | House |
| 3:20 | Build | House |
| 3:43 | Create | Villager (Male) |
| 4:48 | Create | Villager (Male) |
| 4:49 | Create | Villager (Male) |
| 4:49 | Create | Villager (Male) |
| 4:49 | Create | Villager (Male) |
| 4:50 | Create | Villager (Male) |
| 4:51 | Create | Villager (Male) |
| 4:53 | Build | Lumber Camp |
| 5:15 | Create | Villager (Male) |
| 5:15 | Create | Villager (Male) |
| 6:13 | Build | House |
| 6:19 | Create | Villager (Male) |
| 6:20 | Create | Villager (Male) |
| 6:20 | Create | Villager (Male) |
| 6:41 | Build | House |
| 7:21 | Create | Villager (Male) |
| 7:33 | Create | Villager (Male) |
| 8:17 | Build | House |
| 8:21 | Create | Villager (Male) |
| 8:22 | Create | Villager (Male) |
| 8:54 | Build | Barracks |
| 9:30 | Build | Mining Camp |
| 9:50 | Create | Villager (Male) |
| 9:54 | Build | House |
| 10:06 | Research | Feudal Age |
| 10:18 | Build | Mill |
| 10:31 | Build | House |
| 10:37 | Create | Villager (Male) |
| 10:38 | Create | Villager (Male) |
| 11:05 | Build | House |
| 11:45 | Build | House |
| 11:47 | Build | House |
| 12:03 | Build | Mining Camp |
| 12:25 | Age | Feudal Age |
| 12:25 | Build | House |
| 12:33 | Research | Double-Bit Axe |
| 12:53 | Create | Villager (Male) |
| 13:20 | Build | Blacksmith |
| 13:24 | Create | Villager (Male) |
| 14:12 | Build | Stable |
| 14:15 | Create | Villager (Male) |
| 14:16 | Create | Villager (Male) |
| 14:48 | Create | Villager (Male) |
| 15:09 | Build | Mill |
| 15:17 | Create | Villager (Male) |
| 15:34 | Create | Villager (Male) |
| 16:03 | Create | Villager (Male) |
| 16:10 | Build | Market |
| 16:44 | Create | Villager (Male) |
| 17:12 | Research | Castle Age |
| 18:31 | Build | House |
| 18:32 | Build | House |
| 19:02 | Build | Farm |
| 19:05 | Build | Farm |
| 19:08 | Build | Farm |
| 19:11 | Research | Horse Collar |
| 19:13 | Research | Stone Mining |
| 19:16 | Research | Gold Mining |
| 19:20 | Create | Villager (Male) |
| 19:20 | Create | Villager (Male) |
| 19:52 | Age | Castle Age |
| 19:53 | Research | Loom |
| 19:58 | Create | Villager (Male) |
| 20:18 | Build | Castle |
| 20:31 | Research | Bow Saw |
| 20:34 | Research | Heavy Plow |
| 20:56 | Create | Villager (Male) |
| 21:11 | Create | Villager (Male) |
| 21:33 | Build | Town Center |
| 21:39 | Create | Villager (Male) |
| 21:55 | Build | Town Center |
| 22:00 | Create | Mangudai |
| 22:00 | Create | Mangudai |
| 22:01 | Create | Mangudai |
| 22:06 | Create | Villager (Male) |
| 22:25 | Create | Villager (Male) |
| 22:39 | Create | Villager (Male) |
| 22:43 | Create | Mangudai |
| 22:43 | Create | Mangudai |
| 23:00 | Create | Villager (Male) |
| 23:05 | Build | Town Center |
| 23:18 | Create | Mangudai |
| 23:19 | Create | Mangudai |
| 23:47 | Create | Villager (Male) |
| 23:48 | Create | Villager (Male) |
| 23:53 | Create | Villager (Male) |
| 23:53 | Create | Villager (Male) |
| 23:53 | Create | Villager (Male) |
| 23:59 | Create | Villager (Male) |
| 24:06 | Create | Villager (Male) |
| 24:25 | Build | Mill |
| 25:00 | Create | Villager (Male) |
| 25:01 | Create | Villager (Male) |
| 25:03 | Research | Fletching |
| 25:22 | Build | Mill |
| 25:32 | Create | Villager (Male) |
| 25:38 | Build | Mill |
| 25:41 | Create | Villager (Male) |
| 25:42 | Create | Villager (Male) |
| 25:44 | Build | Farm |
| 26:00 | Create | Mangudai |
| 26:01 | Create | Mangudai |
| 26:01 | Create | Mangudai |
| 26:01 | Create | Mangudai |
| 26:33 | Create | Villager (Male) |
| 26:33 | Create | Villager (Male) |
| 26:37 | Create | Villager (Male) |
| 26:57 | Create | Villager (Male) |
| 27:01 | Research | Padded Archer Armor |
| 27:02 | Research | Padded Archer Armor |
| 27:21 | Create | Villager (Male) |
| 27:21 | Create | Villager (Male) |
| 27:36 | Create | Villager (Male) |
| 27:44 | Build | Castle |
| 28:04 | Create | Villager (Male) |
| 28:04 | Create | Villager (Male) |
| 28:18 | Create | Villager (Male) |
| 28:19 | Create | Villager (Male) |
| 28:25 | Build | Farm |
| 28:27 | Create | Villager (Male) |
| 28:30 | Build | Lumber Camp |
| 28:35 | Create | Villager (Male) |
| 28:39 | Build | Farm |
| 28:43 | Create | Villager (Male) |
| 28:46 | Build | Farm |
| 28:48 | Build | Farm |
| 28:48 | Build | Farm |
| 28:50 | Build | Farm |
| 28:52 | Build | Farm |
| 28:53 | Build | Farm |
| 29:08 | Create | Villager (Male) |
| 29:09 | Create | Villager (Male) |
| 29:23 | Create | Villager (Male) |
| 29:42 | Research | Wheelbarrow |
| 29:46 | Create | Villager (Male) |
| 29:54 | Build | Mining Camp |
| 30:07 | Create | Villager (Male) |
| 30:11 | Create | Mangudai ×5 |
| 30:11 | Create | Mangudai ×5 |
Build order — Shyrine
First 150 of 225 actions detected
| 0:24 | Build | Town Center |
| 2:23 | Build | House |
| 2:38 | Create | Villager (Male) |
| 2:39 | Create | Villager (Male) |
| 2:39 | Create | Villager (Male) |
| 2:39 | Create | Villager (Male) |
| 3:55 | Create | Villager (Male) |
| 3:55 | Create | Villager (Male) |
| 4:23 | Build | House |
| 4:46 | Create | Villager (Male) |
| 4:46 | Create | Villager (Male) |
| 4:46 | Create | Villager (Male) |
| 4:49 | Build | Lumber Camp |
| 5:26 | Create | Villager (Male) |
| 5:26 | Create | Villager (Male) |
| 5:54 | Build | Palisade Wall |
| 6:01 | Create | Villager (Male) |
| 6:01 | Create | Villager (Male) |
| 6:14 | Create | Villager (Male) |
| 6:15 | Create | Villager (Male) |
| 6:21 | Build | Palisade Wall |
| 6:36 | Build | House |
| 6:43 | Create | Villager (Male) |
| 6:43 | Create | Villager (Male) |
| 7:02 | Create | Villager (Male) |
| 8:08 | Create | Villager (Male) |
| 8:08 | Create | Villager (Male) |
| 8:09 | Create | Villager (Male) |
| 8:10 | Create | Villager (Male) |
| 8:35 | Create | Villager (Male) |
| 8:35 | Create | Villager (Male) |
| 8:40 | Build | House |
| 8:57 | Create | Villager (Male) |
| 9:24 | Create | Villager (Male) |
| 9:25 | Create | Villager (Male) |
| 9:29 | Create | Villager (Male) |
| 9:29 | Create | Villager (Male) |
| 9:56 | Build | Mining Camp |
| 11:13 | Research | Feudal Age |
| 11:17 | Build | Mill |
| 12:21 | Build | Palisade Wall |
| 12:23 | Build | Palisade Wall |
| 12:24 | Build | House |
| 12:26 | Build | Palisade Wall |
| 12:31 | Create | Villager (Male) |
| 12:40 | Build | Palisade Wall |
| 12:48 | Build | Palisade Wall |
| 12:56 | Create | Villager (Male) |
| 13:01 | Build | House |
| 13:03 | Build | Palisade Wall |
| 13:05 | Build | Palisade Wall |
| 13:06 | Build | Palisade Wall |
| 13:07 | Create | Villager (Male) |
| 13:32 | Build | Mining Camp |
| 13:37 | Research | Loom |
| 13:38 | Age | Feudal Age |
| 13:48 | Build | Blacksmith |
| 13:56 | Create | Villager (Male) |
| 14:33 | Build | Market |
| 14:35 | Create | Villager (Male) |
| 14:56 | Research | Loom |
| 15:54 | Research | Castle Age |
| 15:59 | Build | House |
| 16:06 | Build | Palisade Wall |
| 16:36 | Research | Double-Bit Axe |
| 17:07 | Research | Fletching |
| 17:07 | Research | Fletching |
| 17:51 | Build | House |
| 18:34 | Age | Castle Age |
| 18:36 | Create | Villager (Male) |
| 18:45 | Build | Castle |
| 18:48 | Create | Villager (Male) |
| 19:22 | Research | Bodkin Arrow |
| 19:30 | Create | Villager (Male) |
| 19:32 | Build | House |
| 19:41 | Research | Bow Saw |
| 20:01 | Build | Town Center |
| 20:31 | Build | Monastery |
| 20:35 | Build | House |
| 20:36 | Build | House |
| 20:50 | Build | Palisade Wall |
| 20:54 | Create | Villager (Male) |
| 20:59 | Create | Camel Archer |
| 21:00 | Create | Camel Archer |
| 21:07 | Build | House |
| 21:08 | Build | House |
| 21:11 | Build | House |
| 21:14 | Build | Palisade Wall |
| 21:15 | Create | Villager (Male) |
| 21:35 | Create | Villager (Male) |
| 21:35 | Create | Villager (Male) |
| 22:08 | Build | House |
| 22:13 | Build | Farm |
| 22:16 | Build | Farm |
| 22:16 | Create | Villager (Male) |
| 22:17 | Create | Villager (Male) |
| 22:17 | Create | Villager (Male) |
| 22:17 | Create | Villager (Male) |
| 22:20 | Build | Farm |
| 22:26 | Build | Farm |
| 22:29 | Build | Farm |
| 22:42 | Build | Farm |
| 22:44 | Build | Farm |
| 22:46 | Create | Camel Archer |
| 23:09 | Create | Villager (Male) |
| 23:41 | Create | Villager (Male) |
| 23:43 | Create | Villager (Male) |
| 23:58 | Create | Monk |
| 24:00 | Create | Villager (Male) |
| 24:00 | Create | Villager (Male) |
| 24:11 | Create | Villager (Male) |
| 24:11 | Create | Villager (Male) |
| 24:15 | Build | Outpost |
| 24:17 | Build | Farm |
| 24:18 | Build | Farm |
| 24:18 | Build | Farm |
| 24:23 | Build | Farm |
| 24:34 | Create | Villager (Male) |
| 24:58 | Create | Camel Archer |
| 25:08 | Research | Padded Archer Armor |
| 25:13 | Create | Villager (Male) |
| 25:13 | Create | Villager (Male) |
| 25:15 | Create | Villager (Male) |
| 25:15 | Create | Villager (Male) |
| 25:19 | Build | Mill |
| 25:32 | Create | Villager (Male) |
| 25:46 | Create | Villager (Male) |
| 25:46 | Create | Villager (Male) |
| 26:01 | Create | Camel Archer |
| 26:03 | Create | Villager (Male) |
| 26:03 | Create | Villager (Male) |
| 26:16 | Build | Mill |
| 26:17 | Build | Farm |
| 26:17 | Build | Farm |
| 26:18 | Build | Farm |
| 26:18 | Build | Farm |
| 26:18 | Build | Farm |
| 26:18 | Build | Farm |
| 26:21 | Create | Camel Archer |
| 26:21 | Create | Camel Archer |
| 26:21 | Create | Camel Archer |
| 26:28 | Build | House |
| 26:30 | Build | House |
| 26:32 | Create | Villager (Male) |
| 26:32 | Create | Villager (Male) |
| 26:32 | Create | Villager (Male) |
| 27:30 | Create | Villager (Male) |
| 27:30 | Create | Villager (Male) |
| 27:31 | Create | Villager (Male) |
| 27:31 | Create | Villager (Male) |
Build order — dyb023960
First 150 of 507 actions detected
| 0:33 | Build | Town Center |
| 0:48 | Build | House |
| 3:02 | Create | Villager (Male) |
| 3:03 | Create | Villager (Male) |
| 3:03 | Create | Villager (Male) |
| 3:03 | Create | Villager (Male) |
| 4:03 | Create | Villager (Male) |
| 4:16 | Build | House |
| 4:17 | Build | House |
| 4:21 | Create | Villager (Male) |
| 4:22 | Create | Villager (Male) |
| 5:18 | Build | Mill |
| 5:29 | Create | Villager (Male) |
| 5:29 | Create | Villager (Male) |
| 5:30 | Create | Villager (Male) |
| 6:25 | Create | Villager (Male) |
| 6:26 | Create | Villager (Male) |
| 7:06 | Create | Villager (Male) |
| 7:46 | Create | Villager (Male) |
| 7:57 | Create | Villager (Male) |
| 8:16 | Create | Villager (Male) |
| 8:29 | Build | Barracks |
| 8:37 | Create | Villager (Male) |
| 8:49 | Build | House |
| 9:16 | Create | Villager (Male) |
| 9:32 | Build | House |
| 9:49 | Research | Feudal Age |
| 10:10 | Build | House |
| 10:23 | Build | House |
| 11:27 | Build | Palisade Wall |
| 11:52 | Build | Farm |
| 11:52 | Build | Farm |
| 11:57 | Build | Farm |
| 12:01 | Build | Farm |
| 12:01 | Age | Feudal Age |
| 12:12 | Create | Villager (Male) |
| 12:15 | Create | Villager (Male) |
| 12:19 | Build | Stable |
| 12:30 | Build | Palisade Wall |
| 13:17 | Create | Scout Cavalry |
| 13:18 | Create | Scout Cavalry |
| 13:22 | Create | Villager (Male) |
| 13:25 | Create | Villager (Male) |
| 13:31 | Build | Lumber Camp |
| 14:18 | Create | Villager (Male) |
| 14:44 | Create | Villager (Male) |
| 14:49 | Create | Scout Cavalry |
| 14:49 | Create | Scout Cavalry |
| 14:56 | Research | Double-Bit Axe |
| 15:00 | Build | Farm |
| 15:01 | Build | Farm |
| 15:04 | Build | Farm |
| 15:46 | Create | Scout Cavalry |
| 15:48 | Create | Villager (Male) |
| 15:49 | Create | Villager (Male) |
| 15:49 | Create | Villager (Male) |
| 16:24 | Create | Villager (Male) |
| 16:47 | Create | Villager (Male) |
| 17:21 | Create | Scout Cavalry |
| 17:31 | Build | Farm |
| 17:43 | Build | Farm |
| 17:44 | Build | Farm |
| 17:48 | Build | House |
| 17:49 | Build | House |
| 17:51 | Build | House |
| 18:02 | Create | Villager (Male) |
| 18:21 | Build | Farm |
| 18:21 | Build | Farm |
| 18:21 | Build | Farm |
| 18:21 | Build | Farm |
| 18:22 | Build | Farm |
| 18:42 | Research | Loom |
| 19:16 | Research | Wheelbarrow |
| 19:39 | Build | Blacksmith |
| 20:21 | Research | Castle Age |
| 20:26 | Build | House |
| 20:28 | Build | House |
| 20:29 | Build | House |
| 20:30 | Build | House |
| 20:56 | Research | Bloodlines |
| 21:17 | Build | Farm |
| 21:22 | Research | Horse Collar |
| 21:57 | Research | Scale Barding Armor |
| 23:11 | Age | Castle Age |
| 23:16 | Research | Light Cavalry (upgrade) |
| 23:18 | Create | Villager (Male) |
| 23:19 | Create | Villager (Male) |
| 23:24 | Build | Town Center |
| 23:32 | Research | Chain Barding Armor |
| 23:46 | Build | Mining Camp |
| 23:53 | Build | House |
| 23:54 | Build | House |
| 23:55 | Build | House |
| 23:56 | Build | House |
| 23:58 | Create | Villager (Male) |
| 23:59 | Research | Bow Saw |
| 24:45 | Create | Villager (Male) |
| 25:07 | Create | Scout Cavalry |
| 25:08 | Create | Scout Cavalry |
| 26:10 | Build | Stable |
| 26:12 | Build | Stable |
| 26:12 | Build | Stable |
| 26:22 | Build | Town Center |
| 26:29 | Research | Husbandry |
| 26:31 | Create | Scout Cavalry |
| 27:10 | Create | Scout Cavalry |
| 27:11 | Create | Scout Cavalry |
| 27:54 | Create | Scout Cavalry |
| 27:54 | Create | Scout Cavalry |
| 27:55 | Create | Scout Cavalry |
| 27:55 | Create | Scout Cavalry |
| 27:55 | Create | Scout Cavalry |
| 27:56 | Create | Scout Cavalry |
| 27:56 | Create | Scout Cavalry |
| 27:56 | Create | Scout Cavalry |
| 27:57 | Create | Villager (Male) |
| 27:58 | Create | Villager (Male) |
| 28:05 | Build | House |
| 28:06 | Build | House |
| 28:16 | Build | Farm |
| 28:16 | Build | Farm |
| 28:16 | Build | Farm |
| 28:16 | Build | Farm |
| 28:17 | Build | Farm |
| 28:22 | Build | Farm |
| 28:22 | Build | Farm |
| 28:23 | Build | Farm |
| 28:23 | Build | Farm |
| 28:27 | Create | Scout Cavalry |
| 28:28 | Create | Scout Cavalry |
| 28:33 | Create | Villager (Male) |
| 28:34 | Create | Villager (Male) |
| 28:37 | Build | Farm |
| 28:56 | Create | Villager (Male) |
| 29:05 | Build | Farm |
| 29:06 | Build | Farm |
| 29:06 | Build | Farm |
| 29:06 | Build | Farm |
| 29:07 | Build | Farm |
| 29:12 | Create | Scout Cavalry |
| 29:12 | Create | Scout Cavalry |
| 29:35 | Create | Scout Cavalry |
| 29:38 | Create | Villager (Male) |
| 29:50 | Create | Villager (Male) |
| 29:51 | Create | Villager (Male) |
| 29:52 | Create | Villager (Male) |
| 29:56 | Create | Villager (Male) |
| 30:03 | Create | Scout Cavalry |
| 30:04 | Create | Scout Cavalry |
| 30:23 | Create | Scout Cavalry |
Build order — MISAMISA
First 150 of 276 actions detected
| 0:41 | Build | Town Center |
| 3:17 | Create | Villager (Male) ×4 |
| 3:49 | Build | Mill |
| 4:09 | Build | House |
| 4:15 | Build | House |
| 6:05 | Build | House |
| 6:09 | Create | Villager (Male) |
| 6:09 | Create | Villager (Male) |
| 6:10 | Create | Villager (Male) |
| 6:45 | Build | Farm |
| 6:50 | Create | Villager (Male) |
| 7:13 | Create | Villager (Male) |
| 7:13 | Create | Villager (Male) |
| 7:33 | Create | Villager (Male) |
| 8:17 | Build | Lumber Camp |
| 8:28 | Create | Villager (Male) |
| 8:28 | Create | Villager (Male) |
| 8:28 | Create | Villager (Male) |
| 8:33 | Create | Villager (Male) |
| 8:33 | Create | Villager (Male) |
| 9:09 | Build | Mill |
| 9:22 | Create | Villager (Male) |
| 9:23 | Create | Villager (Male) |
| 9:23 | Create | Villager (Male) |
| 10:00 | Create | Villager (Male) |
| 10:00 | Create | Villager (Male) |
| 10:28 | Build | House |
| 10:41 | Create | Villager (Male) |
| 11:08 | Build | Farm |
| 11:17 | Build | Farm |
| 11:39 | Create | Villager (Male) |
| 11:40 | Create | Villager (Male) |
| 12:12 | Create | Villager (Male) |
| 12:25 | Create | Villager (Male) |
| 12:39 | Build | House |
| 13:06 | Build | Mining Camp |
| 13:15 | Create | Villager (Male) |
| 13:25 | Build | Farm |
| 13:43 | Create | Villager (Male) |
| 13:54 | Research | Feudal Age |
| 14:10 | Build | Mill |
| 14:23 | Build | House |
| 14:29 | Create | Villager (Male) |
| 14:30 | Create | Villager (Male) |
| 16:19 | Age | Feudal Age |
| 16:24 | Build | Blacksmith |
| 16:41 | Build | Market |
| 16:55 | Create | Villager (Male) |
| 17:02 | Build | Farm |
| 17:21 | Research | Castle Age |
| 17:45 | Build | Mill |
| 18:13 | Create | Villager (Male) |
| 18:13 | Create | Villager (Male) |
| 18:57 | Build | Lumber Camp |
| 19:05 | Create | Villager (Male) |
| 20:14 | Age | Castle Age |
| 20:24 | Build | Town Center |
| 21:08 | Build | House |
| 21:44 | Build | Town Center |
| 21:50 | Research | Wheelbarrow |
| 21:51 | Create | Villager (Male) |
| 21:51 | Create | Villager (Male) |
| 21:53 | Research | Double-Bit Axe |
| 21:55 | Research | Horse Collar |
| 22:01 | Build | Farm |
| 22:14 | Build | House |
| 22:23 | Build | Mining Camp |
| 22:28 | Create | Villager (Male) ×5 |
| 22:33 | Create | Villager (Male) ×5 |
| 22:51 | Build | Farm |
| 22:58 | Build | Farm |
| 22:59 | Create | Villager (Male) |
| 23:10 | Create | Villager (Male) |
| 23:13 | Build | Farm |
| 23:41 | Create | Villager (Male) |
| 23:45 | Create | Villager (Male) |
| 23:54 | Build | Farm |
| 23:57 | Build | Farm |
| 24:11 | Build | Farm |
| 24:14 | Build | Farm |
| 24:18 | Build | Farm |
| 24:21 | Build | Farm |
| 24:23 | Build | Farm |
| 24:27 | Build | Farm |
| 24:29 | Build | Farm |
| 24:33 | Build | Farm |
| 24:35 | Create | Villager (Male) |
| 24:38 | Create | Villager (Male) |
| 24:38 | Create | Villager (Male) |
| 24:38 | Create | Villager (Male) |
| 24:59 | Research | Stone Mining |
| 25:06 | Build | Farm |
| 25:11 | Build | Farm |
| 25:14 | Build | Farm |
| 25:20 | Build | Farm |
| 25:22 | Create | Villager (Male) |
| 25:29 | Build | House |
| 25:31 | Build | House |
| 25:33 | Build | House |
| 25:35 | Build | House |
| 25:40 | Build | House |
| 25:52 | Create | Villager (Male) ×5 |
| 25:58 | Build | House |
| 26:02 | Build | House |
| 26:05 | Create | Villager (Male) |
| 26:05 | Create | Villager (Male) |
| 26:14 | Create | Villager (Male) |
| 26:24 | Build | Farm |
| 26:26 | Build | Farm |
| 26:28 | Build | Farm |
| 26:30 | Build | Farm |
| 26:31 | Build | Farm |
| 26:34 | Create | Villager (Male) |
| 26:41 | Build | House |
| 26:46 | Build | Barracks |
| 26:49 | Create | Villager (Male) |
| 26:52 | Create | Villager (Male) |
| 27:09 | Create | Villager (Male) |
| 27:11 | Create | Villager (Male) |
| 27:11 | Create | Villager (Male) |
| 27:12 | Create | Villager (Male) |
| 27:12 | Create | Villager (Male) |
| 27:12 | Create | Villager (Male) |
| 27:12 | Create | Villager (Male) |
| 27:29 | Build | Castle |
| 27:41 | Build | Farm |
| 27:51 | Build | Mining Camp |
| 27:58 | Research | Hand Cart |
| 27:59 | Research | Town Watch |
| 28:01 | Research | Loom |
| 28:15 | Create | Conquistador |
| 28:15 | Create | Conquistador |
| 28:22 | Create | Villager (Male) |
| 28:33 | Build | Town Center |
| 28:45 | Build | Stone Wall |
| 28:49 | Build | Gate |
| 29:02 | Create | Villager (Male) ×5 |
| 29:07 | Build | Stable |
| 29:15 | Build | Archery Range |
| 29:35 | Build | Gate |
| 29:42 | Research | Bloodlines |
| 29:42 | Research | Husbandry |
| 29:45 | Create | Villager (Male) |
| 29:46 | Create | Villager (Male) |
| 29:47 | Create | Villager (Male) |
| 29:47 | Create | Villager (Male) |
| 29:47 | Create | Villager (Male) |
| 29:47 | Create | Villager (Male) |
| 29:48 | Create | Villager (Male) |
| 30:16 | Build | Stone Wall |
Match timeline
| 5:54 | Shyrine · wall_segment Palisade Wall x1 |
| 6:21 | Shyrine · wall_segment Palisade Wall x1 |
| 6:27 | as8923221 · wall_segment Palisade Wall x1 |
| 6:30 | as8923221 · wall_segment Palisade Wall x4 |
| 6:32 | as8923221 · wall_segment Palisade Wall x4 |
| 6:33 | as8923221 · wall_segment Palisade Wall x1 |
| 8:29 | dyb023960 · first_building Barracks |
| 8:54 | xcfotrp131 · first_building Barracks |
| 11:11 | 666 · wall_segment Palisade Wall x15 |
| 11:27 | dyb023960 · wall_segment Palisade Wall x4 |
| 12:01 | dyb023960 · age_up feudal |
| 12:19 | dyb023960 · first_building Stable |
| 12:21 | Shyrine · wall_segment Palisade Wall x1 |
| 12:23 | Shyrine · wall_segment Palisade Wall x1 |
| 12:25 | xcfotrp131 · age_up feudal |
| 12:26 | Shyrine · wall_segment Palisade Wall x1 |
| 12:30 | dyb023960 · wall_segment Palisade Wall x9 |
| 12:40 | Shyrine · wall_segment Palisade Wall x9 |
| 12:48 | Shyrine · wall_segment Palisade Wall x11 |
| 12:52 | Firestorm · first_building Barracks |
| 13:03 | Shyrine · wall_segment Palisade Wall x1 |
| 13:05 | Shyrine · wall_segment Palisade Wall x1 |
| 13:06 | Shyrine · wall_segment Palisade Wall x1 |
| 13:38 | Shyrine · age_up feudal |
| 13:52 | 666 · first_building Barracks |
| 13:58 | leung · first_building Barracks |
| 14:12 | xcfotrp131 · first_building Stable |
| 14:17 | Firestorm · age_up feudal |
| 14:49 | 666 · wall_segment Palisade Wall x8 |
| 15:32 | Firestorm · first_building Stable |
| 15:34 | leung · age_up feudal |
| 15:37 | leung · first_building Archery Range |
| 16:06 | Shyrine · wall_segment Palisade Wall x10 |
| 16:19 | MISAMISA · age_up feudal |
| 16:27 | 666 · age_up feudal |
| 16:47 | leung · wall_segment Palisade Wall x6 |
| 16:59 | as8923221 · age_up feudal |
| 18:05 | leung · wall_segment Palisade Wall x8 |
| 18:07 | as8923221 · first_market_sell 100 food |
| 18:12 | Firestorm · age_up castle |
| 18:34 | Shyrine · age_up castle |
| 18:45 | Shyrine · first_building Castle |
| 19:08 | leung · age_up castle |
| 19:37 | leung · wall_segment Palisade Wall x7 |
| 19:40 | leung · wall_segment Palisade Wall x9 |
| 19:52 | xcfotrp131 · age_up castle |
| 20:14 | MISAMISA · age_up castle |
| 20:18 | xcfotrp131 · first_building Castle |
| 20:21 | 666 · wall_segment Stone Wall x4 |
| 20:31 | Shyrine · first_building Monastery |
| 20:50 | 666 · wall_segment Stone Wall x7 |
| 20:50 | Shyrine · wall_segment Palisade Wall x1 |
| 20:54 | as8923221 · age_up castle |
| 21:14 | Shyrine · wall_segment Palisade Wall x4 |
| 21:30 | Shyrine · first_market_sell 100 wood |
| 21:32 | Shyrine · first_market_buy 100 food |
| 21:34 | as8923221 · first_building Castle |
| 23:11 | dyb023960 · age_up castle |
| 23:50 | 666 · age_up castle |
| 24:17 | 666 · first_building Castle |
| 25:57 | 666 · first_market_sell 100 stone |
| 26:02 | as8923221 · first_market_buy 100 stone |
| 26:46 | MISAMISA · first_building Barracks |
| 27:11 | 666 · first_building Stable |
| 27:29 | MISAMISA · first_building Castle |
| 27:48 | leung · first_building Monastery |
| 27:56 | Shyrine · first_building Barracks |
| 28:45 | MISAMISA · wall_segment Stone Wall x11 |
| 29:07 | MISAMISA · first_building Stable |
| 29:15 | MISAMISA · first_building Archery Range |
| 29:39 | Firestorm · first_building Castle |
| 29:45 | as8923221 · first_building Barracks |
| 29:56 | 666 · age_up imperial |
| 30:16 | MISAMISA · wall_segment Stone Wall x11 |
| 30:22 | MISAMISA · wall_segment Stone Wall x7 |
| 30:37 | as8923221 · first_building Archery Range |
| 32:36 | xcfotrp131 · first_market_buy 100 food |
| 32:40 | xcfotrp131 · first_market_sell 100 wood |
| 34:30 | Firestorm · age_up imperial |
| 34:32 | Shyrine · age_up imperial |
| 35:15 | Firestorm · first_market_sell 100 wood |
| 35:18 | Firestorm · first_market_buy 100 food |
| 35:31 | leung · first_building Castle |
| 36:01 | xcfotrp131 · age_up imperial |
| 38:08 | Shyrine · wall_segment Stone Wall x16 |
| 38:26 | Shyrine · wall_segment Stone Wall x2 |
| 38:28 | Shyrine · wall_segment Stone Wall x7 |
| 39:02 | xcfotrp131 · first_building Archery Range |
| 39:16 | MISAMISA · age_up imperial |
| 41:43 | dyb023960 · first_building Castle |
| 42:15 | as8923221 · first_building Siege Workshop |
| 43:21 | leung · age_up imperial |
| 45:07 | Shyrine · resign |
| 48:36 | leung · first_building Siege Workshop |
| 48:46 | as8923221 · first_building Stable |
| 49:16 | xcfotrp131 · first_building Siege Workshop |
| 50:00 | dyb023960 · age_up imperial |
| 54:59 | as8923221 · age_up imperial |
[ AI ANALYSIS · 1 CREDIT ]
What really happened in this match?
Wolo.gg analyzes every decision: build order, eco, micro, common mistakes by bracket. Personalized analysis on WhatsApp or Discord in 30 seconds.
Civ guide
Spanish
Perfil
Jugador #8537459